[Event "Kvika Banki League Iceland 2022-23"]
[Site "Reykjavik"]
[Date "2022.10.16"]
[Round "5.19"]
[White "Hjartarson, Johann"]
[Black "Gretarsson, Hjorvar Steinn"]
[Result "0-1"]
[ECO "D51"]
[WhiteElo "2468"]
[BlackElo "2533"]
[Annotator "TA"]
[PlyCount "76"]
[EventDate "2022.10.13"]
[EventType "team-tourn"]
[EventCountry "ISL"]
[SourceTitle "playchess.com"]
[Source "ChessBase"]
[SourceQuality "1"]
[TimeControl "5400+30"]

1. d4 Nf6 2. c4 e6 3. Nf3 d5 4. Nc3 Nbd7 5. Bg5 h6 6. Bh4 Bb4 7. e3 {[%emt 0:00:34] D51: Queen's Gambit Declined: 4 Bg5 Nbd7 sidelines.} g5 8. Bg3 Ne4 9. Nd2 {[%emt 0:05:10] [#] White is slightly better.} Nxg3 $146 ({Predecessor:} 9... Nxc3 10. bxc3 Bxc3 11. Rc1 Ba5 12. Bd3 c6 13. h4 Rg8 14. hxg5 hxg5 15. Kf1 Bb4 {1-0 (26) Raessler,A (2341)-Splichal,J (1950) ICCF email 2016}) 10. hxg3 c6 11. Qc2 Nf6 12. Be2 Kf8 13. a3 (13. e4 {looks sharper.} Nxe4 14. Ndxe4 dxe4 15. Qxe4 Kg7 16. O-O-O) 13... Be7 14. f4 {[%emt 0:12:16] Strongly threatening fxg5.} (14. Nf3 {seems wilder.} Ng4 15. Rd1 Kg7 16. Ne5) 14... gxf4 (14... Kg7 $11) 15. gxf4 $16 c5 16. dxc5 Bxc5 17. Qd3 b6 18. cxd5 exd5 19. b4 Be7 20. Bf3 Bb7 21. Qd4 Rc8 22. Kf2 $2 {[%emt 0:06:50] [#]} (22. Rd1 $14 {stays ahead.}) 22... Ng4+ $1 $17 {[%emt 0:01:46][%mdl 512] Black continues to play with concentration.} 23. Bxg4 Bf6 24. Bxc8 ({Not} 24. Qd3 $2 Rxc3 25. Qf5 (25. Qe2 $2 d4 $19) 25... Qe7 $19) 24... Bxd4 25. Bxb7 (25. exd4 {might work better.} Qxc8 26. Rac1) 25... Bxc3 $19 26. Rac1 d4 {[%emt 0:01:25] Hoping for ...dxe3+.} ({And not} 26... Bxd2 27. Rc8 Qxc8 28. Bxc8 $11) 27. Nf3 ({Don't go for} 27. Nc4 $2 b5 28. Ne5 dxe3+ 29. Kf3 Qd2 $19) 27... Qd7 28. Ba6 (28. Be4) 28... dxe3+ 29. Kxe3 Qe6+ 30. Kd3 Bb2 {[%emt 0:01:16][%csl LRa3,LRc1] Black is clearly winning.} 31. Rc8+ Kg7 32. Rxh8 Kxh8 33. Bc4 Qg6+ 34. Ke3 Qxg2 35. Rxh6+ Kg7 36. Rh5 {[%emt 0:01:57] aiming for Rg5+.} Bc1+ 37. Ke4 Qg6+ 38. Rf5 Qc6+ {[%emt 0:00:06] Weighted Error Value: White=0.56/Black=0.08 (flawless)} 0-1

[Event "Kvika Banki League Iceland 2022-23"]
[Site "Reykjavik"]
[Date "2022.10.16"]
[Round "5.20"]
[White "Stefansson, Hannes"]
[Black "Thorfinnsson, Bragi"]
[Result "1/2-1/2"]
[ECO "B30"]
[WhiteElo "2527"]
[BlackElo "2421"]
[Annotator "TA"]
[PlyCount "69"]
[EventDate "2022.10.13"]
[EventType "team-tourn"]
[EventCountry "ISL"]
[SourceTitle "playchess.com"]
[Source "ChessBase"]
[SourceQuality "1"]
[TimeControl "5400+30"]

1. e4 c5 2. Nf3 Nc6 3. Bb5 e5 4. O-O Bd6 5. c3 a6 6. Ba4 {[%emt 0:06:07] B30: Sicilian: 2...Nc6 3 Bb5, lines without ...g6.} b5 7. Bc2 Nge7 8. d4 {[%emt 0:04:02] White has an edge.} cxd4 (8... exd4 {feels hotter.} 9. cxd4 cxd4 10. a4 Bb7) 9. cxd4 exd4 10. Nxd4 Nxd4 11. Qxd4 Qc7 12. h3 ({Much weaker is} 12. Qxg7 Bxh2+ 13. Kh1 Be5 $17) 12... Bb7 13. Bb3 {[%emt 0:02:37] [#]} O-O $146 ({Predecessor:} 13... Bh2+ 14. Kh1 Be5 15. Qd3 O-O 16. f4 Bf6 17. e5 Qc6 18. Rg1 Bh4 19. Be3 Rac8 {0-1 (56) Shuvalova,P (2510)-Abdumalik,Z (2503) Astana 2022}) 14. Nc3 Bh2+ 15. Kh1 {[%emt 0:00:07] White is more active.} Be5 {[%emt 0:00:03] The position is equal.} 16. Qd3 b4 17. Nd5 Nxd5 18. Bxd5 Bxd5 19. Qxd5 d6 20. Rb1 Qc2 21. Bd2 b3 22. axb3 {[%emt 0:02:19] [#] And now Rfc1 would win.} Rab8 23. Rfc1 Qxb3 24. Rc6 Qxd5 25. exd5 f5 26. Rxa6 Bxb2 27. Be3 Bf6 28. Rc1 Rfd8 29. Bb6 Rd7 30. g3 Bd8 31. Bxd8 Rbxd8 32. Re1 Rc8 33. Re6 Rc5 34. Raxd6 Rxd5 35. Rxd7 {[%emt 0:00:49] Weighted Error Value: White=0.05 (flawless) /Black=0.02 (flawless)} 1/2-1/2

[Event "Kvika Banki League Iceland 2022-23"]
[Site "Reykjavik"]
[Date "2022.10.16"]
[Round "5.21"]
[White "Jakubiec, Artur"]
[Black "Movsziszian, Karen"]
[Result "1/2-1/2"]
[ECO "B06"]
[WhiteElo "2435"]
[BlackElo "2474"]
[Annotator "TA"]
[PlyCount "82"]
[EventDate "2022.10.13"]
[EventType "team-tourn"]
[EventCountry "ISL"]
[SourceTitle "playchess.com"]
[Source "ChessBase"]
[SourceQuality "1"]
[TimeControl "5400+30"]

1. e4 g6 2. d4 Bg7 3. Nc3 c6 4. f4 Qb6 5. Nf3 d5 6. e5 {[%emt 0:04:26] B06: Modern Defence.} Bg4 7. Be2 Nh6 8. Na4 {[%emt 0:11:58] White is slightly better.} Qa5+ $1 {[%emt 0:00:07] 8...Qa5+ is better than 8...Qc7.} 9. c3 $1 Nd7 10. b4 Qc7 11. Ng5 Bxe2 12. Qxe2 e6 13. O-O O-O {[%emt 0:03:44] [#]} 14. Nb2 $146 ({Predecessor:} 14. Rb1 Rae8 15. Nf3 f6 16. Bd2 b6 17. Nb2 Qc8 18. a4 c5 19. b5 cxd4 20. cxd4 {1-0 (42) Ter Sahakyan,S (2563)-Petrosian,T (2606) Yerevan 2018}) 14... Rae8 (14... a5 $11) 15. a4 {[%emt 0:01:23] White is more active.} f6 {[%emt 0:03:19] [#]} 16. Nf3 ({Much weaker is} 16. exf6 $6 Nxf6 17. Nd3 (17. Nxe6 $2 Qf7 $19) 17... Nf7 $11) 16... a5 17. Nd3 axb4 18. cxb4 Qb6 19. Nc5 Rf7 20. Bd2 fxe5 21. a5 (21. Nxe5 Bxe5 22. fxe5 Nf5 $14) 21... Qc7 22. fxe5 ({Don't do} 22. Nxe5 Nxc5 23. bxc5 Bxe5 24. fxe5 Rxf1+ 25. Rxf1 Nf5 $14) 22... Nxc5 23. bxc5 Ref8 24. Ng5 (24. Qd3 $142) 24... Rxf1+ $16 25. Rxf1 Qd7 26. Rxf8+ ({White should try} 26. Nf3 $16) 26... Bxf8 $14 27. g4 Nf7 28. Nf3 Qc8 29. Kg2 Be7 30. h4 Qa8 31. Kg3 Bd8 32. Qd3 Qa7 33. Bb4 ({White should play} 33. Qb1 $14) 33... Kg7 34. Ne1 Bxa5 35. Qa3 b6 36. Nd3 g5 37. h5 Qb7 (37... Nd8 $11) 38. cxb6 (38. Bxa5 $14 {deserves consideration.} bxa5 39. Qxa5) 38... Bxb6 $11 {[%emt 0:00:02] The position is equal.} 39. Bc5 {[%emt 0:01:41] [#] Threatens to win with Qb3.} Bd8 40. Bf8+ Kg8 41. Bb4 Qb5 {[%emt 0:00:46] Weighted Error Value: White=0.12 (very precise) /Black=0.13 (very precise)} 1/2-1/2

[Event "Kvika Banki League Iceland 2022-23"]
[Site "Reykjavik"]
[Date "2022.10.16"]
[Round "5.22"]
[White "Arngrimsson, Dagur"]
[Black "Thorfinnsson, Bjorn"]
[Result "1-0"]
[ECO "D27"]
[WhiteElo "2377"]
[BlackElo "2365"]
[Annotator "TA"]
[PlyCount "41"]
[EventDate "2022.10.13"]
[EventType "team-tourn"]
[EventCountry "ISL"]
[SourceTitle "playchess.com"]
[Source "ChessBase"]
[SourceQuality "1"]
[TimeControl "5400+30"]

1. d4 d5 2. c4 e6 3. Nf3 Nf6 4. e3 Nbd7 5. Nc3 a6 6. a3 dxc4 7. Bxc4 b5 8. Ba2 c5 9. O-O Bb7 10. Re1 {[%emt 0:01:03] D27: Queen's Gambit Accepted: Classical main line: 7 e4!? and 7 a4.} Be7 11. e4 cxd4 12. Nxd4 {[%emt 0:02:31] [#] And now e5 would win. Black has an edge.} Ne5 13. Bf4 Ng6 14. Bg3 Qb6 {[%emt 0:06:10] [#]} (14... O-O $5 ) 15. e5 $146 ({Predecessor:} 15. Nf5 exf5 16. exf5 Qc6 17. f3 O-O 18. fxg6 Bc5+ 19. Kh1 hxg6 20. Qc2 {1-0 (34) Drazic,S (2505)-Erdos,V (2576) Trieste 2008}) 15... Nd7 {[%emt 0:03:10] [#] ...Rd8 is the strong threat.} 16. Nf5 $36 {[%emt 0:03:25][%mdl 2048] White fights for an advantage.} exf5 17. e6 Nc5 18. exf7+ Kf8 {[%emt 0:00:02] White must now prevent ...f4.} 19. Nd5 {[%emt 0:05:41][%mdl 1024] Inhibits f4. White has compensation. Chess con chili.} Qc6 (19... Bxd5 $14 20. Qxd5 Rd8 21. Qxf5 Nd3) 20. f3 $18 Bd6 21. Nb4 {[%emt 0:01:14][%csl LRc6,LRd6] Weighted Error Value: White=0.05 (flawless) /Black=0.48} 1-0

[Event "Kvika Banki League Iceland 2022-23"]
[Site "Reykjavik"]
[Date "2022.10.16"]
[Round "5.23"]
[White "Gunnarsson, Jon Viktor"]
[Black "Petersson, Baldur Teodor"]
[Result "1-0"]
[ECO "B82"]
[WhiteElo "2447"]
[BlackElo "2230"]
[Annotator "TA"]
[PlyCount "31"]
[EventDate "2022.10.13"]
[EventType "team-tourn"]
[EventCountry "ISL"]
[SourceTitle "playchess.com"]
[Source "ChessBase"]
[SourceQuality "1"]
[TimeControl "5400+30"]

1. e4 c5 2. Nf3 e6 3. d4 cxd4 4. Nxd4 a6 5. Nc3 Qc7 6. Bd3 Nf6 7. f4 d6 8. Qf3 b6 {[%emt 0:02:59] B82: Sicilian Scheveningen: 6 f4.} 9. g4 h6 {[%emt 0:02:14] [#]} 10. h4 $146 {[%emt 0:01:56] White is more active.} ({Predecessor:} 10. Be3 Bb7 11. O-O-O Nbd7 12. h4 h5 13. g5 Ng4 14. g6 Nc5 15. f5 exf5 16. Bc4 {0-1 (45) Hirneise,T (2274)-Drabke,L (2391) Boeblingen 2006}) 10... Nc6 {[%emt 0:04:50] [#] White is slightly better.} 11. Nxc6 Qxc6 12. Bd2 Bb7 13. O-O-O O-O-O 14. g5 hxg5 (14... Nd7 $16) 15. fxg5 $18 Nd7 16. Qxf7 {[%emt 0:03:02] Weighted Error Value: White=0.06 (flawless) /Black=0.34} 1-0

[Event "Kvika Banki League Iceland 2022-23"]
[Site "Reykjavik"]
[Date "2022.10.16"]
[Round "5.24"]
[White "Gretarsson, Andri A"]
[Black "Eggleston, David J"]
[Result "1/2-1/2"]
[ECO "C00"]
[WhiteElo "2267"]
[BlackElo "2354"]
[Annotator "TA"]
[PlyCount "108"]
[EventDate "2022.10.13"]
[EventType "team-tourn"]
[EventCountry "ISL"]
[SourceTitle "playchess.com"]
[Source "ChessBase"]
[SourceQuality "1"]
[TimeControl "5400+30"]

1. e4 e6 2. d3 d5 3. Nd2 Nf6 4. g3 dxe4 5. dxe4 Bc5 6. Bg2 e5 7. Ngf3 Nc6 8. O-O O-O 9. h3 a5 10. a4 {[%emt 0:07:55] C00: French: Unusual White 2nd moves.} h6 11. c3 Re8 {[%emt 0:03:06] [#]} 12. Nh4 $146 {[%emt 0:11:23] Black has an edge.} ({Predecessor:} 12. Qc2 Be6 13. Nh4 Qd7 14. Kh2 Rad8 15. f4 {½-½ (15) Marinc,D (2016)-Carlile,O (2054) Prague 2015}) 12... Qe7 (12... Qd3 $1 $17 13. Qf3 Qxf3 14. Nhxf3 Nh5) 13. Qf3 Nh7 14. Nf5 Qf6 15. g4 Ne7 16. Re1 Ng6 17. Nf1 (17. Qg3 $11) 17... Nh4 18. Qg3 Nxg2 (18... Nxf5 19. exf5 Qb6 20. Ne3 $14) 19. Kxg2 Nf8 20. h4 h5 21. g5 Qc6 22. Qf3 Bxf5 23. exf5 Qxf3+ 24. Kxf3 g6 25. Ng3 Nd7 26. b3 (26. f6 $16) 26... Bf8 (26... gxf5 $14 27. Nxf5 Kh7) 27. Be3 $16 Rad8 28. Rad1 b6 ({Better is} 28... gxf5 29. Nxf5 Kh7) 29. Rd2 {[%emt 0:02:49] White is more active.} (29. Rd5 $142) 29... Nc5 (29... e4+ $16 30. Kg2 Bd6) 30. Rxd8 $18 Rxd8 31. Bxc5 bxc5 32. Rxe5 {[%emt 0:02:28][%mdl 4096] Endgame KRB-KRN} (32. fxg6 fxg6 33. Rxe5 Kf7 $16) 32... Rb8 33. fxg6 fxg6 34. Re6 Kg7 35. Ra6 Rxb3 36. Ne4 ({Weaker is} 36. Rxa5 Rxc3+ 37. Ke2 Rc4 $15) 36... Bd6 37. Rxa5 ({Not} 37. Nxd6 cxd6 38. Ke4 (38. Rxd6 Rxc3+ 39. Ke4 Rc4+ 40. Ke5 Rxh4 $11) 38... Rxc3 $14) 37... Kf7 38. Ke3 Rb1 39. Nxc5 (39. Nxd6+ $18 cxd6 40. Ra7+ Ke6 41. Rg7) 39... Rh1 40. Ne4 Rxh4 41. Rd5 {[%emt 0:01:35] aiming for a5.} Ke6 42. c4 (42. Rd4 $16) 42... Rh1 $11 43. Rb5 Ra1 44. c5 (44. Nxd6 $11 {is more appropriate.} Ra3+ 45. Ke4 cxd6 46. Ra5) 44... Ra3+ 45. Ke2 Be5 {[%emt 0:03:18] Hoping for ...h4.} 46. a5 {[%emt 0:00:39] [#]} (46. c6 $11) 46... c6 (46... h4 $142 $1 {...h3 is the strong threat.} 47. Nd2 h3) 47. Rb6 {[%emt 0:00:29] [#]} Rxa5 (47... h4 $1 $17 {White must now prevent ...h3.} 48. Rb1 h3) 48. f3 $15 Ra2+ 49. Ke3 Kd5 50. Rb7 Bd4+ 51. Kf4 Be5+ 52. Ke3 Ra3+ 53. Ke2 Ra2+ 54. Kd3 (54. Ke3 $11) 54... Ra3+ {[%emt 0:00:29] White really could win this.  Weighted Error Value: White=0.26 (precise) /Black=0.22 (precise)} (54... Ra8 $15) 1/2-1/2